 Dungeon Crawl Stone Soup version 0.20.1-1-g8b1a95d (webtiles) character file.

5854 Gremour the Carver (level 10, 0/84 HPs)
             Began as a Gargoyle Monk on Dec 29, 2017.
             Was a Priest of the Shining One.
             Slain by a yak (7 damage)
             ... on level 9 of the Dungeon.
             The game lasted 00:45:30 (9694 turns).

Gremour the Carver (Gargoyle Monk)                  Turns: 9694, Time: 00:45:31

Health: 0/84       AC: 25    Str: 15    XL:     10   Next: 81%
Magic:  9/9        EV:  2    Int: 11    God:    the Shining One [***...]
Gold:   431        SH:  0    Dex: 15    Spells: 9/9 levels left

rFire    . . .     SeeInvis .   a - +4 long sword
rCold    . . .     Gourm    .   (no shield)
rNeg     + + +     Faith    .   (armour currently unavailable)
rPois    ∞         Spirit   .   (helmet currently unavailable)
rElec    .         Reflect  .   (cloak currently unavailable)
rCorr    .         Harm     .   (gloves currently unavailable)
MR       .....     NoTele   +   (boots currently unavailable)
Stlth    +.........             (no amulet)
Regen    0.3/turn               (no ring)
MPRegen  0.2/turn               (no ring)

@: tree-form (expiring), glowing
A: low mp 1, negative energy resistance 1, wild magic 1, petrification
resistance, rot immunity, AC +7
a: Divine Shield, Renounce Religion


You were on level 9 of the Dungeon.
You worshipped the Shining One.
The Shining One was most pleased with you.
You were hungry.
You were a tree.
You visited 1 branch of the dungeon, and saw 9 of its levels.

You collected 431 gold pieces.

Inventory:

Hand Weapons
 a - a +4 long sword (weapon)
 e - a +0 long sword
 w - a +0 falchion of holy wrath
Missiles
 q - 6 silver javelins (quivered)
Armour
 f - a +1 helmet
 y - a +0 chain mail (melded)
 I - a +1 pair of boots (melded)
 K - a +0 cloak (melded)
Wands
 j - a wand of polymorph (7/24)
 p - a wand of iceblast (6/15)
 r - a wand of acid (2/15)
 H - a wand of digging (9/24)
 J - a wand of iceblast (8/15)
Scrolls
 l - 2 scrolls of amnesia
 u - a scroll of teleportation
 z - a scroll of magic mapping
 B - 2 scrolls of identify
 E - a scroll of blinking
 F - 2 scrolls of remove curse
 G - a scroll of acquirement {unknown}
Potions
 b - a potion of curing
 d - a potion of invisibility {unknown}
 h - a potion of resistance
 i - a potion of berserk rage {unknown}
 k - 2 potions of brilliance
 o - 2 potions of heal wounds {unknown}
 s - 2 potions of flight {unknown}
 t - 2 potions of agility
 v - a potion of might
 x - a potion of lignification
 A - a potion of degeneration {unknown}
 C - a potion of magic
Comestibles
 c - 8 bread rations
 g - 5 royal jellies
 m - 2 fruits
 n - a meat ration


   Skills:
 - Level 3.2 Fighting
 + Level 13.3 Long Blades
 * Level 5.6 Armour
 - Level 2.4 Dodging
 - Level 2.1 Stealth
 + Level 1.3 Invocations
 + Level 1.0 Evocations


You had 9 spell levels left.
You didn't know any spells.

Dungeon Overview and Level Annotations

Branches:
Dungeon (9/15)             Temple (0/1) D:7            Lair (0/6) D:8
    Orc: D:9-12

Altars:
Ashenzari
Hepliaklqana
Okawaru
Qazlal
Ru
Trog
The Shining One

Shops:
D:7 %   D:8 (


Innate Abilities, Weirdness & Mutations

You are resistant to torment.
((Your stone body is resilient. (AC +7)))
You are immune to poison.
You resist negative energy. (rN+)
((You are resistant to electric shocks. (rElec)))
((You can survive without breathing.))
You are immune to petrification.
You are immune to rotting.
((You have a pair of small horns on your head.))
Your magical capacity is low. (-10% MP)
Your spells are a little harder to cast, but a little more powerful.


Message History

You slash the yak!
The yak is moderately wounded.
The yak gores you.
* * * LOW HITPOINT WARNING * * *
You barely miss the yak.
The yak is moderately wounded.
You hit the yak.
The yak is moderately wounded.
The yak gores you.
* * * LOW HITPOINT WARNING * * *
You slash the yak!
The yak is severely wounded.
The yak gores you.
* * * LOW HITPOINT WARNING * * *
You feel better. The yak gores you.
* * * LOW HITPOINT WARNING * * *
You hit the yak but do no damage.
The yak is severely wounded.
The yak gores you!
You die...

###+## #..<.# #....+
#♣#### ##Y###### #...
#.Y.....# #...
#.......# Y.. #....
#.......# .Y. #....
#.......# Y...
#.....#.......# .....
#.....##'######+##.....
..............Y.......#


You could see 2 yaks.

Vanquished Creatures
  A two-headed ogre (D:5)
  The ghost of happy2pester the Basher, a novice HOFi (D:8)
  Pikel (D:8)
  Prince Ribbit (D:8)
  A wyvern (D:8)
  Sigmund (D:2)
  3 yaks (D:9)
  Eustachio (D:6)
  Duvessa (D:6)
  2 black bears (D:8)
  2 ice beasts
  3 sky beasts
  An orc warrior (D:7)
  A necrophage (D:7)
  4 ogres
  4 centaurs
  A big kobold (D:8)
  A bullfrog (D:6)
  Dowan (D:6)
  2 water moccasin skeletons (D:4)
  A scorpion (D:4)
  3 killer bees (D:7)
  A howler monkey (D:7)
  4 crimson imps
  A quasit (D:5)
  3 hounds
  10 orc wizards
  A bullfrog skeleton (D:7)
  A jelly (D:7)
  4 worker ants
  12 gnolls
  6 adders
  A shadow imp (D:5)
  An adder skeleton (D:7)
  5 worms
  A dart slug (D:1)
  9 leopard geckos
  28 orcs
  5 bats
  8 giant cockroaches
  8 goblins
  8 hobgoblins
  11 jackals
  2 quokkas
  4 ball pythons
  5 frilled lizards
  13 kobolds
  A leopard gecko zombie (D:6)
  2 rats
192 creatures vanquished.

Vanquished Creatures (others)
  A hound skeleton (D:5)
  A bush (D:3)
  A plant (D:3)
3 creatures vanquished.

Grand Total: 195 creatures vanquished

Notes
Turn   | Place    | Note
-------+----------+-------------------------------------------
     0 | D:1      | Gremour the Gargoyle Monk began the quest for the Orb.
     0 | D:1      | Reached XP level 1. HP: 14/14 MP: 1/1
   364 | D:1      | Reached skill level 3 in Long Blades
   510 | D:1      | Reached XP level 2. HP: 19/19 MP: 2/2
   958 | D:1      | Reached XP level 3. HP: 22/23 MP: 3/3
  1214 | D:2      | Reached skill level 4 in Long Blades
  1310 | D:2      | Noticed Sigmund
  1331 | D:2      | Killed Sigmund
  1331 | D:2      | Reached skill level 5 in Long Blades
  1331 | D:2      | Reached XP level 4. HP: 7/28 MP: 4/4
  1331 | D:2      | Reached XP level 5. HP: 9/32 MP: 5/5
  1724 | D:3      | Reached XP level 6. HP: 31/37 MP: 6/6
  1949 | D:3      | Reached skill level 6 in Long Blades
  2180 | D:3      | Found a glowing golden altar of the Shining One.
  2188 | D:3      | Became a worshipper of the Shining One
  2188 | D:3      | Reached * piety under the Shining One
  2188 | D:3      | Reached ** piety under the Shining One
  2323 | D:3      | Found a bloodstained altar of Trog.
  2748 | D:3      | Found an iron altar of Okawaru.
  3460 | D:4      | Reached skill level 7 in Long Blades
  3460 | D:4      | Reached XP level 7. HP: 37/41 MP: 7/7
  4364 | D:5      | Entered Level 5 of the Dungeon
  4391 | D:5      | Noticed a two-headed ogre
  4640 | D:5      | Reached skill level 8 in Long Blades
  4746 | D:5      | Reached XP level 8. HP: 40/46 MP: 8/8
  4999 | D:5      | HP: 2/46 [centaur/arrow (5)]
  5386 | D:5      | Reached skill level 9 in Long Blades
  5895 | D:5      | Killed a two-headed ogre
  5895 | D:5      | Reached skill level 10 in Long Blades
  5895 | D:5      | Reached XP level 9. HP: 51/51 MP: 5/9
  6083 | D:6      | Reached *** piety under the Shining One
  6357 | D:6      | Found a sacrificial altar of Ru.
  6358 | D:6      | Found a shattered altar of Ashenzari.
  6579 | D:6      | Noticed Dowan
  6580 | D:6      | Noticed Duvessa
  6588 | D:6      | Reached skill level 11 in Long Blades
  6593 | D:6      | Killed Duvessa
  6597 | D:6      | Killed Dowan
  6689 | D:6      | Noticed Eustachio
  6731 | D:6      | Killed Eustachio
  7286 | D:7      | Found Caifoica's Food Shop.
  7534 | D:7      | Found a stormy altar of Qazlal.
  7633 | D:7      | Reached skill level 12 in Long Blades
  8116 | D:7      | Found a staircase to the Ecumenical Temple.
  8323 | D:8      | Noticed happy2pester's ghost (novice HOFi)
  8337 | D:8      | Killed happy2pester's ghost
  8337 | D:8      | Reached XP level 10. HP: 48/56 MP: 10/10
  8364 | D:8      | Noticed Prince Ribbit
  8429 | D:8      | Killed Prince Ribbit
  8561 | D:8      | Found a hazy altar of Hepliaklqana.
  8659 | D:8      | Reached skill level 1 in Invocations
  8935 | D:8      | Reached skill level 13 in Long Blades
  8959 | D:8      | Gained mutation: You have a pair of small horns on your head. [mutagenic meat]
  8960 | D:8      | Gained mutation: Your spells are a little harder to cast, but a little more powerful. [mutagenic meat]
  8961 | D:8      | Gained mutation: Your magical capacity is low. (-10% MP) [mutagenic meat]
  8980 | D:8      | Found Mycsixyn's Weapon Boutique.
  9108 | D:8      | Noticed Pikel
  9119 | D:8      | Killed Pikel
  9119 | D:8      | Reached skill level 1 in Evocations
  9454 | D:8      | Found a staircase to the Lair.
  9676 | D:9      | Reached skill level 5 in Armour
  9692 | D:9      | HP: 3/84 [yak (3)]
  9694 | D:9      | Slain by a yak

Skill      XL: |  1  2  3  4  5  6  7  8  9 10 |
---------------+-------------------------------+-----
Long Blades    | 3 5 7 8 10 12 13 | 13.3
Armour         | 2 5 |  5.6
Invocations    | 1 |  1.3
Evocations     | 1 |  1.0
Fighting       | |  3.2
Dodging        | |  2.4
Stealth        | |  2.1

Action                   |  1- 3 |  4- 6 |  7- 9 | 10-12 || total
-------------------------+-------+-------+-------+-------++-------
Melee: Falchion          |   124 |   290 |    19 |       ||   433
       Long sword        |       |       |   271 |   154 ||   425
       Headbutt          |       |       |       |     7 ||     7
Invok: Divine Shield     |       |       |     3 |       ||     3
Evoke: Wand              |       |       |     5 |       ||     5
  Use: Potion            |     1 |       |     3 |     2 ||     6
       Scroll            |       |       |    21 |     1 ||    22
 Stab: Sleeping          |       |     1 |       |       ||     1
  Eat: Chunk             |     1 |     6 |    11 |     3 ||    21
       Bread ration      |       |     1 |       |       ||     1
       Meat ration       |       |       |     1 |       ||     1
       Fruit             |       |       |     1 |       ||     1
Armor: Ring mail         |    64 |    76 |    69 |       ||   209
       Chain mail        |       |       |    93 |   116 ||   209
       Skin              |       |       |       |     9 ||     9
Dodge: Dodged            |    81 |    74 |   120 |    28 ||   303
Block: Other             |       |       |     4 |       ||     4
       Rpst.: Falchion   |    25 |    16 |     6 |       ||    47
       Long sword        |       |       |    24 |     3 ||    27
